 Dungeon Crawl Stone Soup version 0.19-a0-1895-g783e625 (console) character file.

71 ChaseSP the Changer (level 4, -1/32 HPs)
             Began as a Merfolk Transmuter on Oct 18, 2016.
             Slain by an iguana (3 damage)
             ... on level 3 of the Dungeon.
             The game lasted 00:04:20 (2231 turns).

ChaseSP the Changer (Merfolk Transmuter)            Turns: 2231, Time: 00:04:21

Health: -1/32      AC:  6    Str: 10    XL:     4   Next: 24%
Magic:  2/7        EV: 11    Int: 12    God:
Gold:   84         SH:  0    Dex: 15    Spells: 3 memorised, 1 level left

rFire  . . .     SeeInvis .       - Unarmed
rCold  . . .     Gourm    .     q - +0 ring mail
rNeg   . . .     Faith    .     (no shield)
rPois  .         Spirit   .     o - +0 helmet
rElec  .         Reflect  .     (no cloak)
rCorr  .         Harm     .     (no gloves)
MR     .....                    (no boots)
Stlth  +.........               (no amulet)
                                (no ring)
                                (no ring)

@: very slightly contaminated
A: change form in water, swift swim, stealthy swim
a: no special abilities


You were on level 3 of the Dungeon.
You were not hungry.

You visited 1 branch of the dungeon, and saw 3 of its levels.

You collected 84 gold pieces.

Inventory:

Missiles
 a - 33 arrows
Armour
 o - a +0 helmet (worn)
 q - a +0 ring mail (worn)
Scrolls
 b - 2 scrolls of amnesia {unknown}
 e - a scroll of identify
 g - 2 scrolls of fog {unknown}
 k - a scroll of blinking {unknown}
 m - 2 scrolls of remove curse {unknown}
 s - a scroll of magic mapping {unknown}
Potions
 f - a potion of degeneration {unknown}
 i - 2 potions of haste
 j - a potion of cancellation
 n - a potion of curing {unknown}
 p - a potion of ambrosia {unknown}
 r - a potion of heal wounds
Books
 c - a book of Changes

   Spells                             Type                      Level
   a - Beastly Appendage              Transmutation                1
   b - Sticks to Snakes               Transmutation                2
   c - Spider Form                    Transmutation/Poison         3
   d - Ice Form                       Ice/Transmutation            4
   e - Blade Hands                    Transmutation                5
Comestibles
 d - 3 bread rations
 h - 3 meat rations
 l - 6 chunks of flesh


   Skills:
 - Level 1.1 Fighting
 - Level 2.6 Dodging
 - Level 4.0 Unarmed Combat
 - Level 2.0 Spellcasting
 + Level 4.3 Transmutations
 + Level 1.8 Poison Magic


You had one spell level left.
You knew the following spells:

 Your Spells              Type           Power        Failure   Level  Hunger
a - Beastly Appendage     Tmut           ##....       14%         1    ##.....
b - Sticks to Snakes      Tmut           ##......     21%         2    ###....
c - Spider Form           Tmut/Pois      #.........   65%         3    ####...


Dungeon Overview and Level Annotations

Branches:
Dungeon (3/15)

Altars:


Message History

You are too injured to fight recklessly!
You are too injured to fight recklessly!
You are too injured to fight recklessly!
You hit the iguana.
The iguana is heavily wounded.
Your ball python bites the iguana but does no damage.
Your ball python grabs the iguana.
Your ball python constricts the iguana.
The iguana closely misses your ball python.
Your ball python bites the iguana but does no damage.
Your ball python constricts the iguana.
You hit the iguana.
The iguana is severely wounded.
The iguana bites you.
* * * LOW HITPOINT WARNING * * *
Your ball python bites the iguana but does no damage.
Your ball python constricts the iguana.
You hit the iguana but do no damage.
The iguana is severely wounded.
The iguana bites you.
You die...

###
#########.###########.#
...........#..........#
#.#######..#.########.# ##
......................##.#
#.#......................#
#.#.##...#.#.###@S.....#
..#.##...#.#.# #l......#
....##...#.#.# #.......#
..####...#.#.# ##...####
... ....#.#.# #...# #.#
.....#.#.####...####
......#.#...........#
###.##.###########.l....
.r...


You could see an iguana and a friendly ball python.

Vanquished Creatures
  2 adders (D:2)
  2 worms (D:2)
  A dart slug (D:1)
  3 leopard geckos
  An orc (D:3)
  2 giant cockroaches
  4 goblins
  A hobgoblin (D:2)
  4 jackals (D:3)
  5 bats
  4 frilled lizards
  4 kobolds
  4 rats (D:1)
37 creatures vanquished.

Vanquished Creatures (collateral kills)
  2 adders
  A rat (D:3)
3 creatures vanquished.

Grand Total: 40 creatures vanquished

Notes
Turn   | Place    | Note
-------+----------+-------------------------------------------
     0 | D:1      | ChaseSP the Merfolk Transmuter began the quest for the Orb.
     0 | D:1      | Reached XP level 1. HP: 15/15 MP: 3/3
   204 | D:1      | Reached XP level 2. HP: 21/21 MP: 5/5
   208 | D:1      | Learned a level 2 spell: Sticks to Snakes
  1073 | D:2      | Reached XP level 3. HP: 15/26 MP: 4/6
  1100 | D:2      | Learned a level 3 spell: Spider Form
  1705 | D:2      | Reached skill level 1 in Poison Magic
  1872 | D:3      | Reached XP level 4. HP: 32/32 MP: 7/7
  2231 | D:3      | Slain by an iguana

Vault maps used:
D:1:      elethiomel_arrival_infinity_welcomes_careful_drivers, minivault_23,
          hangedman_abyss_or_decor_stabs, nrook_mini_backslash
D:2:      first_bread, minmay_misc_feat_ornament, minmay_tetromino_s2
D:3:      st_stairs_5

Skill      XL: |  1  2  3 |
---------------+----------+-----
Unarmed Combat | 4 |  4.0
Transmutations | 3 4 |  4.3
Poison Magic   | 1 |  1.8
Fighting       | |  1.1
Dodging        | |  2.6
Spellcasting   | |  2.0

Action                   |  1- 3 |  4- 6 || total
-------------------------+-------+-------++-------
Melee: Unarmed           |   111 |    35 ||   146
       Punch             |     1 |     1 ||     2
 Cast: Sticks to Snakes  |     3 |     2 ||     5
  Use: Scroll            |     3 |       ||     3
  Eat: Chunk             |     3 |     2 ||     5
Armor: Robe              |     1 |       ||     1
       Leather armour    |     4 |       ||     4
       Ring mail         |    27 |     8 ||    35
Dodge: Dodged            |    57 |    13 ||    70
